 Dungeon Crawl Stone Soup version 0.29-a0-1052-g6990b1bffc (webtiles) character file.

Game seed: 8098233686180244874

208 kae the Firebug (level 5, -6/28 HPs)
             Began as a Deep Elf Fire Elementalist on Aug 17, 2022.
             Engulfed by a cloud of steam (8 damage)
             ... in a sewer.
             The game lasted 00:02:24 (1923 turns).

kae the Firebug (Deep Elf Fire Elementalist)        Turns: 1923, Time: 00:02:24

Health: -6/28      AC:  1    Str:  5    XL:     5   Next: 55%
Magic:  7/13       EV: 12    Int: 22    God:
Gold:   92         SH:  0    Dex: 15    Spells: 3/12 levels left

rFire   . . .      SeeInvis .   (no weapon)
rCold   . . .      Faith    .   (no shield)
rNeg    . . .      Spirit   .   a - +0 robe
rPois   .          Reflect  .   (no helmet)
rElec   .          Harm     .   (no cloak)
rCorr   .          Rampage  .   (no gloves)
Will    .....                   (no boots)
Stlth   +.........              (no amulet)
HPRegen 0.09/turn               (no ring)
MPRegen 0.13/turn               (no ring)

@: lethally poisoned (-6 -> -13), very slightly contaminated, very slow
A: deformed body, screaming 1, subdued magic 1
a: no special abilities


You were in a sewer.
You visited 1 branch of the dungeon, and saw 3 of its levels.
You also visited: Sewer.

You collected 92 gold pieces.


Innate Abilities, Weirdness & Mutations

Armour fits poorly on your strangely shaped body.
You occasionally shout uncontrollably at your foes.
Your spells are a little easier to cast, but a little less powerful.


   Skills:
 - Level 2.4 Dodging
 - Level 2.4 Stealth
 + Level 4.3 Spellcasting
 * Level 3.9 Conjurations
 * Level 5.0 Fire Magic


You had 3 spell levels left.
You knew the following spells:

 Your Spells              Type           Power      Damage    Failure   Level
a - Foxfire               Conj/Fire      72%        2x1d7     1%          1
b - Scorch                Fire           40%        2d7       1%          2
c - Conjure Flame         Conj/Fire      18%        6-21      3%          3
d - Inner Flame           Hex/Fire       12%        N/A       10%         3

Your spell library contained the following spells:

 Spells                   Type           Power      Damage    Failure   Level
 Magic Dart               Conj           68%        1d6       1%          1
 Searing Ray              Conj           34%        2d5       2%          2
 Frozen Ramparts          Ice            6%         1d1       28%         3
 Flame Wave               Conj/Fire      18%        2d7       14%         4
 Fulminant Prism          Conj/Hex       5%         3d7       38%         4
 Ice Form                 Ice/Tmut       3%         N/A       67%         4
 Summon Ice Beast         Ice/Summ       3%         N/A       67%         4

Inventory:

Missiles
 c - 21 stones
 h - 6 boomerangs
 j - 6 poisoned darts
Armour
 a - a +0 robe (worn)
Magical Staves
 n - a staff of cold {!a}
   (You found it on level 4 of the Dungeon)
Jewellery
 G - an amulet of guardian spirit
   (You found it on level 1 of the Dungeon)
Scrolls
 d - a scroll of immolation {!r!r}
Potions
 b - a potion of magic
 e - a potion of berserk rage {unknown}
 f - a potion of might {unknown}
 m - 2 potions of curing {@q1}

Dungeon Overview and Level Annotations

Branches:
Dungeon (4/15) Zot: 16135   Sewer (1/1) Zot: 5925
 Temple: D:4-7

Altars:
Dithmenos
Sif Muna

Annotations:
D:4 Blork the orc, Eustachio

#~~~..#
.~~.##
#~..#
#..##
#.~.#
##..# #.
#ยงยง# #..
#Sยง# #~~#
##@.# #..~
#~~.#
#.~###~.##
#.~.#.~.#
#~~...##
#.....#
##~..##
#.~.#
##~##


You could see a water moccasin (combustible).


Message History

You enter the shallow water.
Moving in this stuff is going to be slow. ๐Ÿ˜• MP[+1]
You enter the shallow water.
Moving in this stuff is going to be slow. ๐Ÿ˜• HP[+1]
A quokka comes into view.
Casting: Foxfire (safe; 1% risk of failure)
Confirm with . or Enter, or press ? or * to list all spells.
Flames lash the quokka.
You kill the quokka!
A river rat comes into view. ๐Ÿ˜• MP[-1]
You lost 1 mp, and now have 10/13 mp.
Casting: Scorch (safe; 1% risk of failure)
Confirm with . or Enter, or press ? or * to list all spells.
Flames lash the river rat.
The river rat's fire resistance burns away.
The river rat is engulfed in a cloud of scalding steam.
The river rat is engulfed in a cloud of scalding steam.
You kill the river rat! ๐Ÿ˜• MP[-2]
You lost 2 mp, and now have 8/13 mp.
You see here a quokka corpse. ๐Ÿ˜Ž HP[+1]
Your hp is fully restored (28). ๐Ÿ˜Ž MP[+1]
You hear the brisk rusting of a drain.
Found a glowing drain.
There is a glowing drain here. ๐Ÿ˜Ž MP[+1]
The world spins around you as you enter the gateway.
You enter a sewer!
Found a gate leading back out of this place.
There is an empty arch of ancient stone here.
You enter the shallow water.
Moving in this stuff is going to be slow.
You enter the shallow water.
Moving in this stuff is going to be slow.
f - a puce potion ๐Ÿ˜Ž MP[+3]
Your mp is fully restored (13).
You enter the shallow water.
Moving in this stuff is going to be slow.
You enter the shallow water.
Moving in this stuff is going to be slow.
You enter the shallow water.
Moving in this stuff is going to be slow.
You enter the shallow water.
Moving in this stuff is going to be slow.
You enter the shallow water.
Moving in this stuff is going to be slow.
You enter the shallow water.
Moving in this stuff is going to be slow.
A water moccasin comes into view.
The water moccasin hisses angrily.
A water moccasin is nearby!
A water moccasin is nearby!
You enter the shallow water.
Moving in this stuff is going to be slow.
You enter the shallow water.
Moving in this stuff is going to be slow.
The water moccasin misses you.
Casting: Scorch (safe; 1% risk of failure)
Confirm with . or Enter, or press ? or * to list all spells.
You miscast Scorch.
You are very lightly contaminated with residual magic.
Nothing appears to happen.
The water moccasin bites you!
You are poisoned.
The water moccasin poisons you! ๐Ÿ˜ฎ HP[-8] MP[-2]
You take 8 damage, and now have 20/28 hp.
MASSIVE DAMAGE!! (PAUSE)
You lost 2 mp, and now have 11/13 mp.
Casting: Scorch (safe; 1% risk of failure)
Confirm with . or Enter, or press ? or * to list all spells.
Flames lash the water moccasin.
The water moccasin's fire resistance burns away.
You feel very sick.
The water moccasin is engulfed in a cloud of scalding steam.
The water moccasin completely misses you.
The water moccasin is engulfed in a cloud of scalding steam.
The water moccasin bites you.
* * * LOW HITPOINT WARNING * * *
You are engulfed in a cloud of scalding steam.
* * * LOW HITPOINT WARNING * * *
x2 You feel very sick.
The water moccasin is engulfed in a cloud of scalding steam.
The water moccasin bites you.
* * * LOW HITPOINT WARNING * * *
๐Ÿ˜ฑ HP[-18] MP[-2]
You take 18 damage, and now have 2/28 hp.
MASSIVE DAMAGE!! (PAUSE)
You lost 2 mp, and now have 9/13 mp.
Unknown command.
Casting: Scorch (safe; 1% risk of failure)
Confirm with . or Enter, or press ? or * to list all spells.
Flames lash the water moccasin.
The water moccasin is burned terribly!
You are engulfed in a cloud of scalding steam.
You die...

Skill      XL: |  1  2  3  4  5 |
---------------+----------------+-----
Conjurations   | 2 3 |  3.9
Fire Magic     | 4 5 |  5.0
Spellcasting   | 4 |  4.3
Dodging        | |  2.4
Stealth        | |  2.4

Action                   |  1- 3 |  4- 6 || total
-------------------------+-------+-------++-------
Melee: Unarmed           |     2 |       ||     2
 Cast: Foxfire           |    39 |    28 ||    67
       Scorch            |     3 |     9 ||    12
       Conjure Flame     |       |     2 ||     2
  Use: Scroll            |       |     5 ||     5
       Potion            |       |     2 ||     2
Armor: Robe              |     2 |     3 ||     5
Dodge: Dodged            |    11 |     4 ||    15

Levels and vault maps discovered:
D:1:      dpeg_arrival_connections, layout_basic, supply_closet_lemuel,
          fountainhead, serial_bayou_ford_a, minivault_27
D:2:      layout_basic, basic_altar, st_stairs_1, uniq_jessica, uniq_natasha
D:4:      layout_rooms, nicolae_dithmenos_shadow_blocks, gup_sewer_entry_spiral,
          uniq_blork_the_orc, uniq_menkaure, uniq_eustachio
Sewer:    sewer_the_moccasin

Notes
Turn   | Place    | Note
-------+----------+-------------------------------------------
     0 | D:1      | kae the Deep Elf Fire Elementalist began the quest for the
                  | Orb.
     0 | D:1      | Reached XP level 1. HP: 10/10 MP: 6/6
     0 | D:1      | magus.rc [v1.11.3]
   189 | D:1      | Reached XP level 2. HP: 15/15 MP: 6/8
   570 | D:1      | Reached skill level 2 in Conjurations
   966 | D:2      | Learned a level 2 spell: Scorch
   966 | D:2      | Noticed Natasha
   974 | D:2      | Noticed a crimson imp
   981 | D:2      | Killed Natasha
   982 | D:2      | Reached skill level 4 in Fire Magic
   982 | D:2      | Reached XP level 3. HP: 16/19 MP: 2/10
  1140 | D:2      | Reached XP level 4. HP: 15/24 MP: 5/11
  1342 | D:2      | Found a shimmering blue altar of Sif Muna.
  1458 | D:2      | You pick up a book of Rime and begin reading...
  1458 | D:2      | You add the spells Frozen Ramparts, Ice Form and Summon Ice
                  | Beast to your library.
  1528 | D:2      | Reached skill level 3 in Conjurations
  1593 | D:2      | You fall into a shaft and drop 2 floors!
  1593 | D:4      | Found a shadowy altar of Dithmenos.
  1627 | D:4      | You pick up a book of Conjurations and begin reading...
  1627 | D:4      | You add the spells Magic Dart, Searing Ray and Fulminant
                  | Prism to your library.
  1636 | D:4      | Noticed an ice beast
  1641 | D:4      | Learned a level 3 spell: Conjure Flame
  1653 | D:4      | Killed an ice beast
  1654 | D:4      | Reached skill level 4 in Spellcasting
  1654 | D:4      | Reached XP level 5. HP: 11/28 MP: 1/13
  1700 | D:4      | Gained mutation: Armour fits poorly on your strangely
                  | shaped body. [potion of mutation]
  1700 | D:4      | Gained mutation: You occasionally shout uncontrollably at
                  | your foes. [potion of mutation]
  1700 | D:4      | Gained mutation: Your spells are a little easier to cast,
                  | but a little less powerful. [potion of mutation]
  1716 | D:4      | Reached skill level 5 in Fire Magic
  1727 | D:4      | Noticed Blork the orc
  1757 | D:4      | Noticed Eustachio
  1766 | D:4      | Learned a level 3 spell: Inner Flame
  1851 | D:4      | Found a glowing drain.
  1855 | Sewer    | Entered a sewer
  1914 | Sewer    | Noticed a water moccasin
  1922 | Sewer    | HP: 7/28 [cloud of steam (7)]
  1922 | Sewer    | HP: 2/28 [water moccasin (2)]
  1923 | Sewer    | Engulfed by a cloud of steam

Vanquished Creatures
  An ice beast (D:4)
  Natasha (D:2)
  2 gnolls (D:2)
  A river rat (D:4)
  A white imp (D:4)
  A worm (D:4)
  3 dart slugs
  2 endoplasms
  5 giant cockroaches
  5 goblins
  2 hobgoblins (D:1)
  2 jackals (D:2)
  3 kobolds
  4 quokkas
  2 ball pythons
  4 bats
  3 frilled lizards (D:1)
  4 rats
46 creatures vanquished.

Vanquished Creatures (others)
  112 foxfires
  A plant (D:1)
113 creatures vanquished.

Grand Total: 159 creatures vanquished

Table legend:
 A = Non-vault XP
 B = Vault XP
 C = Vault XP percentage of total XP
 D = Non-vault monster count
 E = Vault monster count
 F = Vault count percentage of total count
                 A         B        C        D         E       F
            +---------+---------+-------+---------+---------+-------
      Total |     236 |      62 |  20.8 |      39 |       7 |  15.2
            +---------+---------+-------+---------+---------+-------
        D:1 |      29 |       0 |   0.0 |      17 |       0 |   0.0
        D:2 |      60 |      35 |  36.8 |      17 |       1 |   5.6
        D:4 |     147 |      27 |  15.5 |       5 |       6 |  54.5
            +---------+---------+-------+---------+---------+-------

Illustrated notes

Table legend:
 A = Kills in this place as a percentage of kills in entire the game.
 B = Kills by you in this place as a percentage of kills by you in the entire game.
 C = Kills by friends in this place as a percentage of kills by friends in the entire game.
 D = Other kills in this place as a percentage of other kills in the entire game.
 E = Experience gained in this place as a percentage of experience gained in the entire game.
 F = Experience gained in this place divided by the number of levels of this place that you have seen.
                   A       B       C       D       E      F
               +-------+-------+-------+-------+-------+----------------------
         Total | 100.0 | 100.0 |   N/A |   N/A | 100.0 |  74.5
       Dungeon | 100.0 | 100.0 |   N/A |   N/A | 100.0 |  99.3
               +-------+-------+-------+-------+-------+----------------------

Table legend: (Time is in decaauts)
 A = Elapsed time spent in this place.
 B = Non-inter-level travel time spent in this place.
 C = Inter-level travel time spent in this place.
 D = Time resting spent in this place.
 E = Time spent auto-exploring this place.
 F = Levels seen in this place.
 G = Mean time per level.
                   A        B        C        D        E       F      G
               +--------+--------+--------+--------+--------+-----+--------+
         Total |   1939 |   1909 |     30 |    149 |   1356 |   4 |  484.8 |
       Dungeon |   1864 |   1834 |     30 |    149 |   1293 |   3 |  621.3 |
         Sewer |     74 |     74 |      0 |      0 |     62 |   1 |   74.0 |
               +--------+--------+--------+--------+--------+-----+--------+

Top non-repeatable levels by time:
     D:1: 972 daAuts
     D:2: 630 daAuts
     D:4: 261 daAuts
   Sewer: 74 daAuts
